 Dungeon Crawl Stone Soup version 0.28.0-49-g6dfe1f597d (webtiles) character file.

Game seed: 18138474222601451364

122 Zeld the Chopper (level 4, -1/61 HPs)
             Began as a Minotaur Berserker on May 20, 2022.
             Was a Believer of Trog.
             Slain by a gnoll
             ... wielding a +0 halberd
              (11 damage)
             ... on level 5 of the Dungeon.
             The game lasted 00:01:25 (2080 turns).

Zeld the Chopper (Minotaur Berserker)               Turns: 2080, Time: 00:01:26

Health: -1/61      AC:  2    Str: 23    XL:     4   Next: 78%
Magic:  3/3        EV: 12    Int:  4    God:    Trog [**....]
Gold:   91         SH:  5    Dex: 10    Spells: 3/3 levels left

rFire   . . .      SeeInvis .   a - +0 hand axe
rCold   . . .      Faith    .   (no shield)
rNeg    . . .      Spirit   .   b - +0 animal skin
rPois   .          Reflect  +   (helmet restricted)
rElec   .          Harm     .   (no cloak)
rCorr   .          Rampage  .   (no gloves)
Will    .....                   (no boots)
Stlth   ..........              g - amulet of reflection
HPRegen 0.20/turn               (no ring)
MPRegen 0.08/turn               (no ring)

@: berserking, very quick
A: horns 2, retaliatory headbutt
a: Renounce Religion, Berserk, Trog's Hand


You were on level 5 of the Dungeon.
You worshipped Trog.
Trog was pleased with you.
You visited 1 branch of the dungeon, and saw 4 of its levels.

You collected 91 gold pieces.

Inventory:

Hand Weapons
 a - a +0 hand axe (weapon)
Armour
 b - a +0 animal skin (worn)
Jewellery
 g - an amulet of reflection (around neck)
Scrolls
 c - 4 scrolls of identify {unknown}
 d - 3 scrolls of fear {unknown}
 f - a scroll of magic mapping {unknown}
 h - a scroll of teleportation {unknown}
 j - a scroll of enchant armour {unknown}
Potions
 e - 2 potions of curing {unknown}
 i - a potion of degeneration {unknown}


   Skills:
 * Level 4.9 Fighting
 * Level 4.9 Axes
 + Level 3.2 Armour
 + Level 2.9 Dodging


You had 3 spell levels left.
You didn't know any spells.
Your spell library was empty.

Dungeon Overview and Level Annotations

Branches:
Dungeon (3/15)

Altars:

Shops:
D:1 :


Innate Abilities, Weirdness & Mutations

You have a pair of horns on your head.
You reflexively headbutt those who attack you in melee.


Message History

The gnoll shouts!
The gnoll closely misses you. x2
You see here a +0 spear.
You closely miss the gnoll. The gnoll closely misses you.
The gnoll hits you with a +0 spear.
You hit the gnoll.
The gnoll is moderately wounded.
The gnoll barely misses you. The gnoll misses you.
A red film seems to cover your vision as you go berserk!
You feel yourself moving faster!
You feel mighty!
A gnoll comes into view. It is wielding a +0 club.
The gnoll hits you with a +0 spear.
The gnoll shouts!
You slash the gnoll!
The gnoll is severely wounded.
The gnoll shaman calls upon its god to heal the gnoll.
The gnoll is healed somewhat.
You slash the gnoll!
You kill the gnoll!
Trog accepts your kill. The gnoll shaman closely misses you.
The gnoll hits you from afar with a +0 halberd!
Things that are here:
a +0 spear; a gnoll corpse You slash the gnoll shaman!
The gnoll shaman is heavily wounded.
You block the gnoll's attack. The gnoll shaman barely misses you.
You completely miss the gnoll shaman.
The gnoll shaman is heavily wounded.
You block the gnoll's attack. The gnoll shaman misses you.
You are too injured to fight recklessly!
You slash the gnoll shaman!
You kill the gnoll shaman!
Trog accepts your kill.
The gnoll hits you from afar with a +0 halberd!
* * * LOW HITPOINT WARNING * * *
The gnoll completely misses you.
You are too injured to fight recklessly!
The gnoll hits you with a +0 halberd!
You die...

#....#
##.#.#
#...# ###.#
#.#
#.####.#
#..[.gg#
######g#
#@# #)#
#########)#
..........#
###########


You could see 3 gnolls.

Vanquished Creatures
  A gnoll shaman (D:5)
  2 gnolls (D:5)
  An adder (D:2)
  3 worms
  4 dart slugs
  3 orcs (D:3)
  6 bats
  5 endoplasms
  4 hobgoblins
  6 jackals (D:1)
  2 ball pythons
  4 frilled lizards
  4 goblins
  2 kobolds
  A rat (D:1)
48 creatures vanquished.

Notes
Turn   | Place    | Note
-------+----------+-------------------------------------------
     0 | D:1      | Zeld the Minotaur Berserker began the quest for the Orb.
     0 | D:1      | Reached XP level 1. HP: 19/19 MP: 0/0
   300 | D:1      | Reached XP level 2. HP: 27/27 MP: 1/1
   390 | D:1      | Found Xuiro's Book Boutique.
   662 | D:1      | Reached ** piety under Trog
   671 | D:1      | Reached XP level 3. HP: 25/33 MP: 2/2
  1890 | D:3      | Reached XP level 4. HP: 27/41 MP: 3/3
  2052 | D:3      | You fall into a shaft and drop 2 floors!
  2052 | D:5      | Entered Level 5 of the Dungeon
  2080 | D:5      | Slain by a gnoll

Illustrated notes

Levels and vault maps discovered:
D:1:      dpeg_arrival_erosion, layout_basic, serial_shops, shop
D:2:      layout_loops_ring
D:3:      layout_rooms, nicolae_overflow_quartered_altars,
          dreamdust_ecumenical_altar_drowned_temple, uniq_robin, uniq_jessica
D:5:      cheibrodos_fertilizer, layout_loops_corners,
          minmay_temple_entry_junction, uniq_sigmund

Skill      XL: |  1  2  3 |
---------------+----------+-----
Fighting       | 4 |  4.9
Axes           | 4 |  4.9
Armour         | 3 |  3.2
Dodging        | |  2.9

Action                   |  1- 3 |  4- 6 || total
-------------------------+-------+-------++-------
Melee: Hand axe          |    88 |    12 ||   100
       Headbutt          |    13 |     2 ||    15
Invok: Berserk           |       |     1 ||     1
 Stab: Sleeping          |     2 |       ||     2
Armor: Animal skin       |     9 |     1 ||    10
Dodge: Dodged            |    70 |    10 ||    80
Block: Other             |     1 |     2 ||     3
